 Dungeon Crawl Stone Soup version 0.31-a0-202-g547052bce9 (webtiles) character file.

Game seed: 14871676547627007307

81 qw the Shooter (level 4, -7/25 HPs)
             Began as a Deep Elf Hunter on June 26, 2023.
             Mangled by Grinder (8 damage)
             ... on level 2 of the Dungeon.
             The game lasted 00:00:36 (1666 turns).

qw the Shooter (Deep Elf Hunter)                    Turns: 1666, Time: 00:00:36

Health: -7/25      AC:  6    Str: 10    XL:     4   Next: 19%
Magic:  6/6        EV: 11    Int: 14    God:
Gold:   109        SH:  0    Dex: 18    Spells: 3/3 levels left

rFire   . . .        Y - +0 shortbow
rCold   . . .        (shield currently unavailable)
rNeg    + . .        l - +0 ring mail
rPois   .            d - +0 helmet
rElec   .            (no cloak)
rCorr   .            (no gloves)
SInv    .            (no boots)
Will    .....        (no amulet)
Stlth   +            f - ring of positive energy
HPRegen 0.24/turn    (no ring)
MPRegen 0.10/turn

%: no passive effects
@: about to teleport
A: no striking features
a: no special abilities


You were on level 2 of the Dungeon.
You visited 1 branch of the dungeon, and saw 3 of its levels.

You collected 109 gold pieces.


   Skills:
 - Level 1.5 Fighting
 + Level 7.6 Ranged Weapons
 - Level 2.4 Dodging
 - Level 1.2 Stealth


You had 3 spell levels left.
You didn't know any spells.
Your spell library was empty.

Inventory:

Hand Weapons
 Y - a +0 shortbow (weapon)
Armour
 d - a +0 helmet (worn)
 l - a +0 ring mail (worn)
Jewellery
 f - a ring of positive energy (left hand)
Scrolls
 a - a scroll of identify
 k - a scroll of teleportation
Potions
 c - a potion of resistance
 e - a potion of curing
 h - a potion of berserk rage {unknown}

Dungeon Overview and Level Annotations

Branches:
Dungeon (3/15)

Altars:

Annotations:
D:2 Grinder


Message History

Grinder is nearby!
Waypoint 2 assigned to D:3.
You shoot an arrow.
The arrow hits Grinder but does no damage.
You shoot an arrow. The arrow hits Grinder.
Grinder is lightly wounded.
Grinder blinks!
You shoot an arrow.
The arrow hits Grinder but does no damage.
Grinder is lightly wounded.
You shoot an arrow. The arrow hits Grinder.
Grinder is lightly wounded.
You shoot an arrow. The arrow hits Grinder.
Grinder is lightly wounded.
You shoot an arrow. The arrow hits Grinder!
Grinder is moderately wounded.
You shoot an arrow.
The arrow hits Grinder but does no damage.
Grinder is moderately wounded.
You shoot an arrow. The arrow closely misses Grinder.
Grinder hits you!
You writhe in agony.
1661 ||| STAIRDANCE Grinder gestures at you.
Pain shoots through your body!
You climb upwards.
There is a stone staircase leading down here.
You shoot an arrow. The arrow hits Grinder.
Grinder is heavily wounded.
Grinder hits you but does no damage.
You shoot an arrow. The arrow hits Grinder.
Grinder is heavily wounded.
Grinder hits you!
You writhe in agony.
1665 ||| READING 2 scrolls of teleportation.
As you read the scroll of teleportation, it crumbles to dust.
You feel strangely unstable. Grinder hits you.
You writhe in agony.
You shoot an arrow.
The arrow hits Grinder but does no damage.
Grinder is heavily wounded.
Grinder hits you!
You die...

.........#.##########.##.##.#
.....#..............#.##.##.#
####.#)#.#............##.##.#
...#.#.#.#..#######.####.##.#
...#.#.#)#..# #.# #.##.#
####.#...#..#######.# #.##.#
.....##)...........!# #.##.#
#######.############## #.##.#
.......)........@5...# #.##.#
#######.####.........# #.##.#
.(......# #.........###.##.#
........# #.........')..##.#
........####...).....######.#
...........'.........# #.#
........####.........# #.#
........# ##.##'##### #.#
#'#####.# #.##.# #.#


You could see Grinder.

Vanquished Creatures
  3 adders (D:2)
  A dart slug (D:1)
  4 ball pythons
  3 endoplasms
  6 giant cockroaches
  6 hobgoblins
  4 jackals (D:1)
  2 quokkas
  A bat (D:1)
  4 frilled lizards
  7 goblins
  3 kobolds
  2 rats
46 creatures vanquished.

Notes
Turn   | Place    | Note
-------+----------+-------------------------------------------
     0 | D:1      | qw the Deep Elf Hunter began the quest for the Orb.
     0 | D:1      | Reached XP level 1. HP: 12/12 MP: 3/3
     0 | D:1      | 0 ||| qw: Version: 0.3-a-22-g0ed2b0b
     0 | D:1      | 0 ||| qw: Game counter: 5999
     0 | D:1      | 0 ||| qw: Melee chars always use a shield: true
     0 | D:1      | 0 ||| qw: God list: Okawaru
     0 | D:1      | 0 ||| qw: Allow faded altars: false
     0 | D:1      | 0 ||| qw: Do Orc after clearing Dungeon:15 true
     0 | D:1      | 0 ||| qw: Do second Lair branch before Depths: true
     0 | D:1      | 0 ||| qw: Lair rune preference: random
     0 | D:1      | 0 ||| qw: Goals: Normal
     0 | D:1      | 0 ||| PLANNING D:1-11
   227 | D:1      | Reached XP level 2. HP: 15/16 MP: 4/4
   287 | D:1      | Reached skill level 6 in Ranged Weapons
   490 | D:1      | Found a faded altar of an unknown god.
   773 | D:1      | Reached XP level 3. HP: 20/20 MP: 5/5
   868 | D:1      | 868 ||| UPGRADING to +0 helmet.
   873 | D:1      | 873 ||| UPGRADING to +0 ring mail.
   883 | D:1      | 883 ||| DROPPING +0 leather armour.
   884 | D:1      | 884 ||| READING scroll labelled DICVOX MIACEL.
   885 | D:1      | 885 ||| READING scroll labelled ZEPHUG FEIMEA.
   886 | D:1      | 886 ||| READING 2 scrolls labelled DOUS KEDISIZOE.
   891 | D:1      | 891 ||| DRINKING 2 bubbling puce potions.
   892 | D:1      | 892 ||| DROPPING scroll of butterflies.
   893 | D:1      | 893 ||| DROPPING potion of brilliance.
  1020 | D:2      | Reached skill level 7 in Ranged Weapons
  1244 | D:2      | Reached XP level 4. HP: 25/25 MP: 6/6
  1622 | D:2      | 1622 ||| UPGRADING to ring of positive energy.
  1623 | D:2      | 1623 ||| READING scroll labelled PEWA UCZEJYG.
  1624 | D:2      | 1624 ||| DRINKING 3 ruby potions.
  1625 | D:2      | 1625 ||| READING 4 scrolls of identify.
  1625 | D:2      | 1625 ||| IDENTIFYING fuming green potion
  1626 | D:2      | 1626 ||| READING 3 scrolls of identify.
  1626 | D:2      | 1626 ||| IDENTIFYING bubbling black potion
  1627 | D:2      | 1627 ||| READING 2 scrolls of identify.
  1627 | D:2      | 1627 ||| IDENTIFYING viscous white potion
  1628 | D:2      | 1628 ||| DROPPING potion of ambrosia.
  1629 | D:2      | 1629 ||| DROPPING 2 potions of attraction.
  1652 | D:3      | Noticed Grinder
  1661 | D:3      | 1661 ||| STAIRDANCE
  1664 | D:2      | HP: 6/25 [Grinder (7)]
  1665 | D:2      | 1665 ||| READING 2 scrolls of teleportation.
  1665 | D:2      | HP: 1/25 [Grinder (2)]
  1666 | D:2      | Mangled by Grinder

Levels and vault maps discovered:
D:1:      dpeg_arrival_boxorama, layout_loops_corners,
          ebering_ecumenical_altar_mist, amcnicky_mini_corridor_feature,
          chequers_avenue
D:2:      layout_basic
D:3:      layout_basic, nicolae_the_louvre, uniq_ijyb, uniq_grinder

Skill      XL: |  1  2  3 |
---------------+----------+-----
Ranged Weapons | 6 7 |  7.6
Fighting       | |  1.5
Dodging        | |  2.4
Stealth        | |  1.2

Action                     |  1- 3 |  4- 6 || total
---------------------------+-------+-------++-------
   Fire: Shortbow          |   104 |    21 ||   125
    Use: Scroll            |     3 |     5 ||     8
         Potion            |     1 |     1 ||     2
 Armour: Leather armour    |     5 |       ||     5
         Ring mail         |       |     3 ||     3
  Dodge: Dodged            |     6 |       ||     6

Table legend:
 A = Non-vault XP
 B = Vault XP
 C = Vault XP percentage of total XP
 D = Non-vault monster count
 E = Vault monster count
 F = Vault count percentage of total count
                 A         B        C        D         E       F
            +---------+---------+-------+---------+---------+-------
      Total |     116 |       0 |   0.0 |      46 |       0 |   0.0
            +---------+---------+-------+---------+---------+-------
        D:1 |      43 |       0 |   0.0 |      24 |       0 |   0.0
        D:2 |      73 |       0 |   0.0 |      22 |       0 |   0.0
            +---------+---------+-------+---------+---------+-------
